 Dungeon Crawl Stone Soup version 0.31-a0-750-gfe7b580527 (webtiles) character file.

Game seed: 5078446402606226783

12033 puppykicker the Grappler (level 11, 0/78 HPs)
             Began as an Octopode Shapeshifter on Sept 15, 2023.
             Was a High Priest of Ru.
             Slain by a shadow (35 damage)
             ... on level 10 of the Dungeon.
             The game lasted 00:39:40 (11822 turns).

puppykicker the Grappler (Octopode Shapeshifter)   Turns: 11822, Time: 00:39:40

Health: 0/78       AC: -4    Str: 15    XL:     11   Next: 87%
Magic:  11/11      EV: 26    Int: 14    God:    Ru [*****.]
Gold:   1725       SH:  0    Dex: 26    Spells: 9/10 levels left

rFire   . .          .
                       - Unarmed
rCold   . . .        (helmet currently unavailable)
rNeg    . . .        R - amulet of regeneration
rPois   .            r - ring "Nueduots" {EV+5 Dex+7 Stlth-}
rElec   .            C - +6 ring of dexterity
rCorr   .            (no ring)
SInv    .            (no ring)
Will    .....        (no ring)
Stlth   ++           (no ring)
HPRegen 1.13/turn    (no ring)
MPRegen 0.12/turn

%: no passive effects
@: mighty, beast-form
A: beast (slay +4), almost no armour, amphibious, 7 rings, camouflage 1,
gelatinous body 1, missing a hand, no earth magic, no hexes magic, no summoning
magic, reduced AC 1, (nimble swimmer 1), tentacles
a: Begin Untransformation, Renounce Religion, Draw Out Power, Power Leap,
Apocalypse


You were on level 10 of the Dungeon.
You worshipped Ru.
Ru was extremely pleased with you.
You were a hulking beast.
You visited 2 branches of the dungeon, and saw 11 of its levels.
You also visited: Ossuary.

You collected 1725 gold pieces.

Inventory:

Missiles
 q - 18 poisoned darts (quivered)
 s - 2 curare-tipped darts
 y - a throwing net
Jewellery
 r - the ring "Nueduots" (left tentacle) {EV+5 Dex+7 Stlth-}
   (You found it on level 4 of the Dungeon)

   [ring of evasion]

   EV+5:      It affects your evasion (+5).
   Dex+7:     It affects your dexterity (+7).
   Stlth-:    It makes you less stealthy.
 C - a +6 ring of dexterity (right tentacle)
 D - a ring of ice {rC+, rF-}
 G - an amulet of guardian spirit {Spirit}
 R - an amulet of regeneration (around mantle)
Talismans
 b - a beast talisman (active)
 c - a flux talisman
 i - a maw talisman
Wands
 l - a wand of flame (22)
 F - a wand of polymorph (3)
Scrolls
 f - a scroll of fog
 h - a scroll of noise {!r}
 j - a scroll of immolation {unknown}
 k - 2 scrolls of revelation
 m - a scroll of brand weapon
 n - a scroll of silence {unknown}
 t - 2 scrolls of teleportation
 u - 4 scrolls of amnesia
 v - 3 scrolls of enchant armour
 w - 2 scrolls of poison {unknown}
 B - 3 scrolls of blinking {!r}
 E - a scroll of torment {unknown}
Potions
 a - 3 potions of mutation {unknown}
 d - 3 potions of resistance
 e - 2 potions of enlightenment
 g - a potion of berserk rage {!q}
 o - 3 potions of curing
 p - a potion of degeneration {unknown}
 x - 3 potions of haste
 z - 3 potions of heal wounds
 A - 4 potions of might


   Skills:
 + Level 8.5 Fighting
 + Level 8.6 Dodging
 + Level 12.1 Unarmed Combat
 * Level 8.4 Shapeshifting


You had 9 spell levels left.
You knew the following spells:

 Your Spells              Type           Power      Damage    Failure   Level
g - Apportation           Tloc           0%         N/A       28%         1

Your spell library contained the following spells:

 Spells                   Type           Power      Damage    Failure   Level
 Freeze                   Ice            0%         1d3       28%         1
 Scorch                   Fire           0%         2d5       41%         2
 Ozocubu's Armour         Ice            0%         N/A       65%         3
 Flame Wave               Conj/Fire      0%         2d4       96%         4
 Simulacrum               Ice/Necr       0%         N/A       100%        6
 Orb of Destruction       Conj           0%         9d5       100%        7
 Summon Small Mammal      Summ           Unusable   N/A       N/A         1
 Summon Guardian Golem    Hex/Summ       Unusable   N/A       N/A         3
 Metabolic Englaciation   Hex/Ice        Unusable   N/A       N/A         5
 Summon Cactus Giant      Summ           Unusable   N/A       N/A         6
 Spellforged Servitor     Conj/Summ      Unusable   N/A       N/A         7

Dungeon Overview and Level Annotations

Branches:
Dungeon (10/15)            Temple (1/1) D:4             Orc (0/2) D:10
Ossuary (visited)
   Lair: D:8-11

Altars:
Ashenzari
Cheibriados
Dithmenos
Elyvilon
Fedhas
Gozag
Hepliaklqana
Kikubaaqudgha
Makhleb
Nemelex Xobeh
Okawaru
Qazlal
Ru
Sif Muna
Trog
Uskayaw
Wu Jian
Xom
Yredelemnul
The Shining One

Shops:
D:9 (


Innate Abilities, Weirdness & Mutations

You are a hulking beast.
Your limbs bulge with bestial killing power. (Slay +4)
You cannot wear most types of armour.
You are amphibious.
You can wear up to seven rings at the same time.
Your skin changes colour to match your surroundings (Stealth+).
Your rubbery body absorbs attacks. (AC +1, EV +1)
You are missing a hand.
You cannot study or cast Earth magic.
You cannot study or cast Hexes magic.
You cannot study or cast Summoning magic.
You take slightly more damage. (AC -5)
((You are camouflaged when in or above water. (Stealth+)))
You have tentacles for arms and can constrict up to seven enemies at once.


Message History

You constrict the rakshasa, but do no damage.
You redirect the rakshasa's attack!
The rakshasa hits you with a +0 long sword!
* * * LOW HITPOINT WARNING * * *
You take 7 damage, and have 26/78 hp.
Unknown command.
You barely miss the rakshasa. You squeeze the rakshasa!
The rakshasa is heavily wounded.
You constrict the rakshasa. You tentacle-slap the rakshasa.
The rakshasa is heavily wounded.
You lose your grip on the rakshasa.
The injured rakshasa weaves a defensive illusion!
The rakshasa blinks!
You batter the rakshasa!! You grab the rakshasa.
The rakshasa is almost dead.
You constrict the rakshasa, but do no damage.
You redirect the rakshasa's attack!
The rakshasa gestures at the orc.
The lance of force misses the orc.
The rakshasa weaves an illusion.
You bludgeon the rakshasa!
The rakshasa is almost dead.
You constrict the rakshasa.
The rakshasa begins to attack, but is stunned by your conviction!
You batter the rakshasa!!
You kill the rakshasa!
The rakshasa shimmers and vanishes!
You closely miss the orc. You grab the orc. You constrict the orc.
You bludgeon the orc!
You kill the orc!
You are too injured to fight recklessly!
You are too injured to fight recklessly!
You are too injured to fight recklessly!
You closely miss the orc. You grab the orc. You constrict the orc.
The orc misses you.
You batter the orc!!
You kill the orc!
The shadow strikes at you from the darkness!
You die...

#..#######.# #####..#######.#
###............#.#
#.........####.#.# #.#.###...#
#.#.# #.#.# #...# #.#.# ## #.#.#
#...# #.#.# .. #.#.#
#...####.#.# #.######### #h#.#
#.......)..# #.(....o.[###)#.#
##.#####.#.# ###.##.....oo).o..#
##.## #.#.#
..........#.###...###...####.#.#
#####8'8###.#............[...#.#
.8oo....#....#..####...###.##.#
.o..oo..o######..# ##.## #.##..
.._§ooo..# #..# #.# ##.##..
.........# #..# #.###...#..


You could see an orc.

Levels and vault maps discovered:
D:1:      dpeg_arrival_round_c, layout_rooms, minmay_misc_feat_chi,
          serial_park_tiny_1, minmay_misc_feat_more_columns,
          serial_bayou_pond_e, minmay_misc_feat_enclosed
D:2:      layout_loops_ring, minmay_lizard_king, uniq_natasha
D:3:      layout_loops_cross, makhleb_altar_promises_db, st_stairs_3
D:4:      gammafunk_cloud_chamber, layout_basic, temple_fountains, uniq_robin,
          uniq_pargi
D:5:      layout_basic, nicolae_qazlal_general_emergency,
          nicolae_ossuary_entry_plus, kennysheep_pointless_box,
          uniq_crazy_yiuf_cottage
D:6:      layout_basic, gammafunk_ghost_arena, uniq_edmund
D:7:      layout_loops_ring, grunt_temple_overflow_open,
          nicolae_gozag_cash_rules_everything_around_me, elyvilon_altar_1,
          minmay_misc_feat_alley, minmay_quadrilaterals, uniq_duvessa
D:8:      layout_basic, kennysheep_windowed_goal
D:9:      minmay_the_grid_4x2 [minmay_the_grid_aliased_spiral,
          minmay_the_grid_embedded, minmay_the_grid_empty,
          minmay_the_grid_outer_circle, minmay_the_grid_mess,
          minmay_the_grid_odd_star, minmay_the_grid_plusring,
          minmay_the_grid_prize_inner_circle], layout_basic, serial_shops, shop
D:10:     layout_loops_ring, vehumet_crystals, marbit_many_paths, david_orc_5
Temple:   compressed_dpeg_triangle_lava_temple

Notes
Turn   | Place    | Note
-------+----------+-------------------------------------------
     0 | D:1      | puppykicker the Octopode Shapeshifter began the quest for
                  | the Orb.
     0 | D:1      | Reached XP level 1. HP: 13/13 MP: 1/1
    10 | D:1      | Identified a +0 dagger
    90 | D:1      | Identified a +0 club
    96 | D:1      | Reached XP level 2. HP: 15/18 MP: 2/2
   101 | D:1      | Identified a +2 hand axe of distortion
   278 | D:1      | Identified a +0 dagger
   399 | D:1      | Identified a +0 short sword
   450 | D:1      | Identified a +0 whip
   486 | D:1      | Identified a +0 dagger
   626 | D:1      | Identified 2 scrolls of teleportation
   647 | D:2      | Identified a +0 short sword
   653 | D:2      | Reached XP level 3. HP: 17/23 MP: 3/3
   787 | D:2      | Noticed Natasha
   787 | D:2      | Identified a +3 short sword
   812 | D:2      | Identified a +1 spear
   816 | D:2      | Killed Natasha
   817 | D:2      | Reached XP level 4. HP: 21/29 MP: 4/4
   878 | D:2      | Identified a +0 dagger
   913 | D:2      | Reached skill level 2 in Fighting
   913 | D:2      | Reached skill level 4 in Unarmed Combat
   931 | D:2      | Identified a +0 short sword
  1021 | D:2      | Noticed Natasha
  1031 | D:2      | Identified a +1 spear
  1031 | D:2      | Killed Natasha
  1056 | D:2      | Reached XP level 5. HP: 25/34 MP: 5/5
  1062 | D:2      | Identified a +0 whip
  1063 | D:2      | Identified a +0 trident
  1090 | D:2      | Identified a +0 short sword
  1102 | D:2      | Identified a +0 club
  1154 | D:2      | Identified a +0 club
  1209 | D:2      | Identified a +0 dagger
  1209 | D:2      | Identified a +0 sling
  1212 | D:2      | Identified a +0 club
  1283 | D:2      | Noticed Natasha
  1296 | D:2      | Killed Natasha
  1455 | D:3      | Identified a +0 club
  1461 | D:3      | Identified a +0 flail
  1471 | D:3      | Identified a +0 club
  1471 | D:3      | Identified a +0 sling
  1477 | D:3      | Identified a +0 whip
  1610 | D:3      | Identified a +0 club
  1610 | D:3      | Identified a +0 ring mail
  1708 | D:3      | Identified a +0 morningstar
  1765 | D:3      | Reached skill level 3 in Dodging
  1773 | D:3      | Identified a +0 leather armour
  1873 | D:3      | Found a burning altar of Makhleb.
  1873 | D:3      | Noticed a cacodemon
  1962 | D:4      | Identified a +0 hand axe
  1962 | D:4      | Identified a +0 chain mail
  1964 | D:4      | Identified a +0 dagger
  1964 | D:4      | Identified a +0 ring mail
  1964 | D:4      | Identified a +0 whip
  1964 | D:4      | Identified a +1 dagger of draining
  1964 | D:4      | Identified a +0 robe
  1976 | D:4      | Reached XP level 6. HP: 23/41 MP: 6/6
  2062 | D:4      | Noticed Pargi
  2067 | D:4      | Identified a +0 short sword
  2071 | D:4      | Killed Pargi
  2071 | D:4      | Identified a +0 troll leather armour {Pargi}
  2072 | D:4      | Reached skill level 5 in Unarmed Combat
  2168 | D:4      | Found a transporter.
  2173 | D:4      | Identified a +1 hand axe of venom
  2173 | D:4      | Identified a +2 trident of venom
  2173 | D:4      | Identified a +2 spear of venom
  2206 | D:4      | Identified a +0 hand axe
  2214 | D:4      | Identified a +0 hand axe
  2225 | D:4      | Reached skill level 3 in Fighting
  2229 | D:4      | Identified a +0 short sword
  2229 | D:4      | Identified a +0 dagger
  2234 | D:4      | Reached skill level 4 in Shapeshifting
  2328 | D:4      | Identified a +0 morningstar
  2329 | D:4      | Identified a +0 flail
  2329 | D:4      | Identified a +0 hand axe
  2382 | D:4      | Found a transporter.
  2388 | D:4      | Identified a +0 short sword
  2389 | D:4      | Identified a +0 whip
  2465 | D:4      | Identified a +0 short sword
  2484 | D:4      | Identified a +0 trident of protection
  2484 | D:4      | Identified a +0 ring mail
  2485 | D:4      | Found a staircase to the Ecumenical Temple.
  2486 | D:4      | Identified a +0 flail
  2487 | D:4      | Identified a +1 hand axe of venom
  2487 | D:4      | Identified a +0 falchion
  2487 | D:4      | Identified a +0 leather armour
  2487 | D:4      | Identified a +0 dagger
  2624 | Temple   | Entered the Ecumenical Temple
  2640 | Temple   | Became a worshipper of Ru the Awakened
  2751 | D:4      | Reached XP level 7. HP: 37/46 MP: 7/7
  2820 | D:4      | Identified a +0 hand axe
  2820 | D:4      | Identified a +0 leather armour
  2820 | D:4      | Identified a +0 flail
  2821 | D:4      | Identified a +1 dagger of holy wrath
  2821 | D:4      | Identified a +0 short sword
  2868 | D:4      | Identified the ring "Nueduots" {EV+5 Dex+7 Stlth-}
  2885 | D:4      | HP: 11/46 [orc/+0 flail (2)]
  3108 | D:4      | Identified a +0 dagger
  3109 | D:4      | Identified a +0 dagger
  3110 | D:4      | Identified a +0 dagger
  3111 | D:4      | Identified a +0 club
  3111 | D:4      | Identified a +0 animal skin
  3111 | D:4      | Identified a +0 helmet
  3111 | D:4      | Noticed Robin
  3111 | D:4      | Identified a +0 club
  3111 | D:4      | Identified a +0 club
  3111 | D:4      | Identified a +0 club
  3111 | D:4      | Identified a +0 club
  3111 | D:4      | Identified a +0 dagger
  3111 | D:4      | Identified a +0 club
  3111 | D:4      | Identified a +0 dagger
  3155 | D:4      | Killed Robin
  3260 | D:5      | Entered Level 5 of the Dungeon
  3262 | D:5      | Found a stormy altar of Qazlal.
  3293 | D:5      | Found a sand-covered staircase.
  3299 | Ossuary  | Entered an ossuary
  3299 | Ossuary  | Noticed a wraith
  3299 | Ossuary  | Noticed a wraith
  3299 | Ossuary  | Noticed a wraith
  3332 | Ossuary  | Noticed a wraith
  3343 | Ossuary  | HP: 11/46 [wraith (7)]
  3344 | Ossuary  | HP: 3/69 [wraith (7)]
  3345 | Ossuary  | Identified 3 potions of haste
  3346 | Ossuary  | Identified a potion of magic
  3347 | Ossuary  | Identified a potion of attraction
  3348 | Ossuary  | Identified a potion of heal wounds
  3353 | Ossuary  | HP: 16/69 [wraith (4)]
  3361 | Ossuary  | Killed a wraith
  3669 | Ossuary  | Reached skill level 4 in Dodging
  3700 | Ossuary  | Reached skill level 6 in Unarmed Combat
  3795 | Ossuary  | HP: 11/47 [mummy (20)]
  3993 | Ossuary  | Identified 4 scrolls of identify
  3993 | Ossuary  | Identified a scroll of amnesia
  3994 | Ossuary  | Identified a scroll of fear
  3995 | Ossuary  | Identified a scroll of fog
  3996 | Ossuary  | Identified a scroll of acquirement
  3997 | Ossuary  | Acquired 976 gold pieces
  3999 | Ossuary  | Identified 3 scrolls of revelation
  4000 | Ossuary  | Identified 3 scrolls of blinking
  4001 | Ossuary  | Identified 2 scrolls of noise
  4002 | Ossuary  | Identified 2 scrolls of brand weapon
  4085 | D:5      | Got Ekicko Zirich's Introduction to Spellcraft
  4088 | D:5      | Learned a level 1 spell: Apportation
  4103 | D:5      | Identified a scroll of enchant armour
  4179 | D:5      | Identified a +0 scimitar
  4179 | D:5      | Identified a +0 robe
  4180 | D:5      | Identified a +4 scimitar
  4180 | D:5      | Identified a +0 robe
  4183 | D:5      | Identified a +3 mace of freezing
  4183 | D:5      | Identified a +0 robe
  4192 | D:5      | Identified a +3 hand axe
  4192 | D:5      | Identified a +0 robe
  4405 | D:5      | Identified a +0 club
  4405 | D:5      | Identified a +0 leather armour
  4417 | D:5      | Reached XP level 8. HP: 34/51 MP: 8/8
  4533 | D:5      | Identified a +0 hand axe
  4562 | D:5      | Identified a +0 giant spiked club
  4569 | D:5      | Reached skill level 4 in Fighting
  4824 | D:5      | Identified a +0 shortbow
  4838 | D:5      | Reached skill level 7 in Unarmed Combat
  4838 | D:5      | Reached skill level 5 in Shapeshifting
  4985 | D:5      | Identified a +0 dagger
  4985 | D:5      | Identified a +0 dagger
  4985 | D:5      | Identified a +0 short sword
  4985 | D:5      | Identified a +0 dagger
  4985 | D:5      | Identified a +0 dagger
  4986 | D:5      | Identified a +0 dagger
  4986 | D:5      | Identified a +0 short sword
  5026 | D:5      | Identified a +0 falchion
  5183 | D:5      | Gained mutation: You are missing a hand. [Ru sacrifice]
  5183 | D:5      | Reached * piety under Ru
  5183 | D:5      | Reached ** piety under Ru
  5271 | D:5      | Identified a +0 rapier
  5277 | D:5      | Identified a +0 club
  5280 | D:5      | Identified a +0 club
  5280 | D:5      | Identified a +0 leather armour
  5280 | D:5      | Identified a +0 flail
  5280 | D:5      | Identified a +2 flail of draining
  5281 | D:5      | Identified a +0 whip
  5434 | D:5      | Found a runed translucent door.
  5435 | D:5      | Identified a +3 quarterstaff of chaos
  5435 | D:5      | Identified a +0 cloak
  5435 | D:5      | Noticed Crazy Yiuf
  5713 | D:6      | Identified a +0 flail
  5713 | D:6      | Identified a +0 ring mail
  5713 | D:6      | Identified a +0 hand axe
  5713 | D:6      | Identified a +0 chain mail
  5713 | D:6      | Identified a +0 club
  5714 | D:6      | Identified a +0 battleaxe
  5714 | D:6      | Identified a +0 chain mail
  5719 | D:6      | Reached skill level 5 in Dodging
  5831 | D:6      | Identified 2 potions of curing
  5839 | D:6      | Found a transporter.
  5840 | D:6      | Identified a +0 trident
  5840 | D:6      | Identified a +0 chain mail
  5841 | D:6      | Identified a +3 long sword
  5841 | D:6      | Identified a +0 robe
  5844 | D:6      | Identified a potion of berserk rage
  5844 | D:6      | Noticed DocEon's ghost (novice DrSh)
  5854 | D:6      | Identified a +0 robe
  5868 | D:6      | Identified a ring of ice
  5891 | D:6      | Identified a +6 ring of dexterity
  5960 | D:6      | Found a transporter.
  6059 | D:6      | Reached skill level 5 in Fighting
  6059 | D:6      | Reached XP level 9. HP: 61/61 MP: 9/9
  6059 | D:6      | Identified a +2 heavy dire flail
  6059 | D:6      | Identified a +0 chain mail
  6059 | D:6      | Noticed Edmund
  6069 | D:6      | Killed Edmund
  6078 | D:6      | Reached skill level 8 in Unarmed Combat
  6415 | D:6      | Identified a +0 club
  6418 | D:6      | Identified a +0 giant club
  6667 | D:6      | Identified a +0 trident
  6819 | D:7      | Found a shadowy altar of Dithmenos.
  6821 | D:7      | Found a snail-covered altar of Cheibriados.
  6824 | D:7      | Found a shimmering altar of Xom.
  6913 | D:7      | Identified a +0 hand axe
  6967 | D:7      | Identified a potion of might
  6971 | D:7      | Found an opulent altar of Gozag.
  7058 | D:7      | Identified a +0 short sword
  7058 | D:7      | Identified a +2 ring mail of cold resistance
  7058 | D:7      | Noticed Duvessa
  7058 | D:7      | Identified a +0 dagger
  7058 | D:7      | Identified a +0 robe
  7058 | D:7      | Noticed Dowan
  7083 | D:7      | Killed Dowan
  7097 | D:7      | Duvessa changed into Duvessa the human
  7097 | D:7      | Noticed Duvessa
  7103 | D:7      | Killed Duvessa the human
  7232 | D:7      | Identified a +0 dagger
  7248 | D:7      | Identified a +0 quarterstaff
  7302 | D:7      | Identified a +0 whip
  7406 | D:7      | Identified a +0 dagger
  7407 | D:7      | Identified a +0 dagger
  7408 | D:7      | Identified a +0 short sword
  7408 | D:7      | Identified a +0 dagger
  7409 | D:7      | Identified a +0 whip of electrocution
  7501 | D:7      | Reached skill level 6 in Dodging
  7501 | D:7      | Reached skill level 6 in Shapeshifting
  7513 | D:7      | Found a white marble altar of Elyvilon.
  7655 | D:7      | Gained mutation: You cannot study or cast Earth magic. [Ru
                  | sacrifice]
  7655 | D:7      | Gained mutation: You cannot study or cast Hexes magic. [Ru
                  | sacrifice]
  7655 | D:7      | Gained mutation: You cannot study or cast Summoning magic.
                  | [Ru sacrifice]
  7655 | D:7      | Reached *** piety under Ru
  7655 | D:7      | Reached **** piety under Ru
  7743 | D:8      | Identified a +0 dagger
  7743 | D:8      | Identified a +0 robe
  7743 | D:8      | Identified a +0 club
  7743 | D:8      | Identified a +0 club
  7743 | D:8      | Identified a +0 leather armour
  7751 | D:8      | Reached skill level 9 in Unarmed Combat
  7758 | D:7      | Reached skill level 6 in Fighting
  7909 | D:8      | Identified a +0 orcbow
  8095 | D:8      | Identified a +0 club
  8100 | D:8      | Identified a +0 trident
  8103 | D:8      | Identified a +0 flail
  8103 | D:8      | Identified a +0 plate armour
  8107 | D:8      | Identified a +0 trident
  8107 | D:8      | Identified a +0 ring mail
  8338 | D:8      | Identified a +0 club
  8338 | D:8      | Identified a +0 leather armour
  8340 | D:8      | Identified a +0 hand axe
  8342 | D:8      | Identified a +0 plate armour
  8356 | D:8      | Identified a +0 short sword
  8356 | D:8      | Identified a +0 leather armour
  8497 | D:8      | Reached XP level 10. HP: 35/68 MP: 10/10
  8501 | D:8      | Identified an amulet of guardian spirit
  8671 | D:8      | HP: 17/68 [steam dragon (2)]
  8676 | D:8      | Identified +0 steam dragon scales
  8676 | D:8      | HP: 8/68 [something (10)]
  9111 | D:8      | Identified a +0 leather armour
  9147 | D:9      | Found Jiotrus's Antique Weapon Emporium.
  9262 | D:9      | Reached skill level 10 in Unarmed Combat
  9977 | D:5      | Killed Crazy Yiuf
 10037 | D:6      | Identified 2 scrolls of summoning
 10037 | D:6      | Identified a +0 orcbow
 10056 | D:6      | Reached skill level 7 in Dodging
 10060 | D:6      | Killed DocEon's ghost
 10061 | D:6      | Reached skill level 7 in Fighting
 10061 | D:6      | Reached skill level 7 in Shapeshifting
 10107 | D:6      | Identified an amulet of regeneration
 10344 | D:9      | Identified a +0 whip
 10344 | D:9      | Identified a +0 robe
 10347 | D:9      | Identified a +0 flail
 10351 | D:9      | Identified a +0 spear
 10351 | D:9      | Identified a +0 whip
 10351 | D:9      | Identified a +0 whip
 10352 | D:9      | Identified a +0 dagger
 10352 | D:9      | Identified a +0 robe
 10362 | D:9      | Identified a +0 battleaxe
 10362 | D:9      | Identified a +0 chain mail
 10368 | D:9      | Identified a +0 falchion
 10368 | D:9      | Identified a +0 leather armour
 10371 | D:9      | Identified a +2 heavy mace
 10371 | D:9      | Identified a +0 leather armour
 10380 | D:9      | Identified a +0 short sword
 10399 | D:9      | Identified a +0 hand axe
 10440 | D:9      | Identified a +0 shortbow
 10454 | D:9      | Identified a +0 giant club
 10454 | D:9      | Identified a +0 giant club
 10454 | D:9      | Noticed a two-headed ogre
 10459 | D:9      | Identified a +0 club
 10459 | D:9      | Identified a +0 whip
 10459 | D:9      | Identified a +0 robe
 10464 | D:9      | Identified a +0 vampiric spear
 10465 | D:9      | Killed a two-headed ogre
 10478 | D:9      | Identified a +0 whip
 10480 | D:9      | Identified a +0 club
 10498 | D:9      | Identified a +2 long sword
 10498 | D:9      | Identified a +0 robe
 10508 | D:9      | Noticed a boulder beetle
 10508 | D:9      | Identified a +0 dagger
 10508 | D:9      | Identified a +0 robe
 10529 | D:9      | Killed a boulder beetle
 10530 | D:9      | Reached skill level 11 in Unarmed Combat
 10530 | D:9      | Reached XP level 11. HP: 75/75 MP: 11/11
 10554 | D:9      | Identified +0 acid dragon scales
 10556 | D:9      | Identified a +0 troll leather armour
 10569 | D:9      | Noticed a manticore
 10592 | D:9      | Killed a manticore
 10593 | D:9      | Noticed a faun
 10605 | D:9      | Killed a faun
 10677 | D:9      | Identified 2 potions of enlightenment
 10707 | D:9      | Identified a +0 war axe
 10707 | D:9      | Identified a +0 robe
 10710 | D:9      | Identified a +0 shortbow
 10734 | D:9      | Reached skill level 8 in Dodging
 10786 | D:9      | Identified a +0 whip
 10788 | D:9      | Identified a +0 falchion
 10788 | D:9      | Identified a +0 leather armour
 10790 | D:9      | Identified a +0 scimitar
 10790 | D:9      | Identified a +0 plate armour
 10825 | D:9      | Identified a +3 dagger
 10825 | D:9      | Identified a +0 robe
 10826 | D:9      | Identified a +4 short sword of freezing
 10826 | D:9      | Identified a +0 robe
 10837 | D:9      | Identified a +1 trident of freezing
 10837 | D:9      | Identified a +0 robe
 10867 | D:9      | Identified a +0 dagger of venom
 10897 | D:9      | Identified a +0 orcbow
 10897 | D:9      | Noticed a centaur warrior
 10905 | D:9      | Killed a centaur warrior
 10906 | D:9      | Reached skill level 8 in Fighting
 10910 | D:9      | Identified a +0 pair of gloves
 11000 | D:9      | Identified a +0 halberd
 11000 | D:9      | Identified a +0 shortbow
 11000 | D:9      | Identified a +0 robe
 11000 | D:9      | Noticed a centaur warrior
 11080 | D:9      | Killed a centaur warrior
 11200 | D:9      | Gained mutation: You take slightly more damage. (AC -5) [Ru
                  | sacrifice]
 11200 | D:9      | Reached ***** piety under Ru
 11245 | D:9      | Identified a +0 trident
 11245 | D:9      | Identified a +0 robe
 11302 | D:9      | Reached skill level 8 in Shapeshifting
 11505 | D:10     | Entered Level 10 of the Dungeon
 11551 | D:10     | Identified a +0 troll leather armour
 11594 | D:10     | Reached skill level 12 in Unarmed Combat
 11646 | D:10     | Identified a +0 club
 11650 | D:10     | Identified a +0 dagger
 11651 | D:10     | Identified a +0 hand axe
 11652 | D:10     | Identified a +2 heavy war axe
 11652 | D:10     | Identified a +0 plate armour
 11657 | D:10     | Identified a +0 dagger
 11689 | D:10     | Identified a +2 pair of boots
 11693 | D:10     | Identified a +0 giant spiked club
 11693 | D:10     | Identified a +0 dire flail
 11693 | D:10     | Noticed a two-headed ogre
 11766 | D:10     | Identified a +0 trident
 11766 | D:10     | Identified a +0 trident
 11766 | D:10     | Identified a +0 chain mail
 11766 | D:10     | Identified a +0 halberd
 11766 | D:10     | Identified a +0 chain mail
 11767 | D:10     | Found a staircase to the Orcish Mines.
 11767 | D:10     | Identified a +0 mace
 11768 | D:10     | Identified a +0 club
 11768 | D:10     | Identified a +0 mace
 11768 | D:10     | Identified a +0 chain mail
 11768 | D:10     | Identified a +0 dagger
 11768 | D:10     | Identified a +0 leather armour
 11768 | D:10     | Identified a +3 flail
 11768 | D:10     | Identified a +0 dagger
 11768 | D:10     | Identified a +0 long sword
 11768 | D:10     | Identified a +0 robe
 11768 | D:10     | Noticed a rakshasa
 11769 | D:10     | Identified a +0 falchion
 11769 | D:10     | Identified a +0 club
 11769 | D:10     | Identified a +0 scale mail
 11769 | D:10     | Identified a +0 mace
 11769 | D:10     | Identified a +0 club
 11769 | D:10     | Identified a +0 short sword
 11770 | D:10     | Identified a +0 club
 11770 | D:10     | Identified a +0 mace
 11808 | D:10     | HP: 16/78 [rakshasa/+0 long sword (14)]
 11817 | D:10     | Killed a rakshasa
 11822 | D:10     | Slain by a shadow

Table legend: (Time is in decaauts)
 A = Elapsed time spent in this place.
 B = Non-inter-level travel time spent in this place.
 C = Inter-level travel time spent in this place.
 D = Time resting spent in this place.
 E = Time spent auto-exploring this place.
 F = Levels seen in this place.
 G = Mean time per level.
                   A        B        C        D        E       F      G
               +--------+--------+--------+--------+--------+-----+--------+
         Total |  11733 |  10950 |    783 |   3224 |   5310 |  12 |  977.8 |
       Dungeon |  10969 |  10217 |    752 |   2891 |   5165 |  10 | 1096.9 |
        Temple |     32 |      1 |     31 |      0 |      0 |   1 |   32.0 |
       Ossuary |    731 |    731 |      0 |    333 |    145 |   1 |  731.0 |
               +--------+--------+--------+--------+--------+-----+--------+

Top non-repeatable levels by time:
     D:5: 1803 daAuts
     D:4: 1760 daAuts
     D:7: 1458 daAuts
     D:9: 1454 daAuts
     D:6: 1134 daAuts
     D:8: 1039 daAuts
 Ossuary: 731 daAuts
     D:2: 722 daAuts
     D:1: 645 daAuts
     D:3: 642 daAuts
    D:10: 307 daAuts
  Temple: 32 daAuts

Table legend:
 A = Kills in this place as a percentage of kills in the entire game.
 B = Kills by you in this place as a percentage of kills by you in the entire game.
 C = Kills by friends in this place as a percentage of kills by friends in the entire game.
 D = Other kills in this place as a percentage of other kills in the entire game.
 E = Experience gained in this place as a percentage of experience gained in the entire game.
 F = Experience gained in this place divided by the number of levels of this place that you have seen.
                   A       B       C       D       E      F
               +-------+-------+-------+-------+-------+----------------------
         Total | 100.0 | 100.0 | 100.0 | 100.0 | 100.0 | 1432.5
       Dungeon |  95.8 |  95.7 | 100.0 | 100.0 |  98.5 | 1692.6
       Ossuary |   4.2 |   4.3 |   0.0 |   0.0 |   1.5 | 264.0
               +-------+-------+-------+-------+-------+----------------------

Skill      XL: |  1  2  3  4  5  6  7  8  9 10 11 |
---------------+----------------------------------+-----
Fighting       | 2 3 5 6 7 8 |  8.5
Unarmed Combat | 4 5 6 7 9 11 12 | 12.1
Dodging        | 3 4 5 6 7 8 |  8.6
Shapeshifting  | 4 5 6 7 8 |  8.4

Action                     |  1- 3 |  4- 6 |  7- 9 | 10-12 || total
---------------------------+-------+-------+-------+-------++-------
  Melee: Unarmed           |    47 |   126 |   301 |   255 ||   729
         Constrict         |    10 |    34 |    62 |    44 ||   150
         Tentacles         |     6 |    26 |    80 |    66 ||   178
         Punch             |       |     6 |    17 |    24 ||    47
  Throw: Dart              |       |       |     7 |    29 ||    36
   Cast: Apportation       |       |       |     3 |       ||     3
 Invoke: Sacrifice a Hand  |       |       |     1 |       ||     1
         Sacrifice Arcana  |       |       |     1 |       ||     1
         Sacrifice Health  |       |       |       |     1 ||     1
  Evoke: Wand              |       |     2 |     5 |     7 ||    14
    Use: Scroll            |     1 |       |    15 |     4 ||    20
         Potion            |       |       |     5 |     3 ||     8
   Stab: Sleeping          |     5 |     8 |     4 |       ||    17
         Distracted        |       |       |       |     4 ||     4
         Paralysed         |       |       |       |     1 ||     1
 Armour: Skin              |    21 |    45 |   129 |    78 ||   273
  Dodge: Dodged            |    27 |    64 |   213 |   206 ||   510

Vanquished Creatures
  A rakshasa (D:10)
  2 centaur warriors (D:9)
  A boulder beetle (D:9)
  A manticore (D:9)
  A faun (shapeshifter) (D:9)
  A kobold demonologist (D:9)
  A troll (D:10)
  A slime creature (D:9)
  A shadow (D:9)
  15 yaks
  A human (D:7)
  2 wraiths
  3 steam dragons
  An acid dragon (D:9)
  Edmund (D:6)
  A water moccasin (D:8)
  9 orc warriors
  An ice beast (D:8)
  Pargi (D:4)
  3 centaurs
  2 ogres
  2 phantoms (D:6)
  2 kobold brigands
  A bullfrog (D:6)
  A scorpion (D:5)
  9 wights
  Dowan (D:7)
  4 killer bees
  7 howler monkeys
  6 hounds
  3 jellies
  11 orc priests
  3 gnoll boudas
  Crazy Yiuf (D:5)
  An iguana (D:6)
  Natasha (thrice) (D:2)
  4 orc wizards
  3 mummies (Ossuary)
  Robin (D:4)
  12 gnolls
  10 adders
  2 gnoll zombies (D:4)
  An orc zombie (D:4)
  3 ufetubi
  A worm (D:2)
  A dart slug (D:1)
  40 orcs
  4 ball pythons
  2 bats
  11 endoplasms
  2 giant cockroaches
  17 goblins
  3 hobgoblins
  8 jackals
  5 quokkas
  9 frilled lizards
  3 goblin zombies (Ossuary)
  A hobgoblin zombie (Ossuary)
  26 kobolds
  4 kobold zombies (Ossuary)
  4 rats
282 creatures vanquished.

Vanquished Creatures (collateral kills)
  The ghost of DocEon the Mimic, a novice DrSh of Elyvilon (D:6)
  A water moccasin (D:6)
  A wight (D:6)
  A jelly (D:6)
4 creatures vanquished.

Vanquished Creatures (others)
  A two-headed ogre (D:9)
  A troll (D:9)
  An orc (D:8)
3 creatures vanquished.

Grand Total: 289 creatures vanquished
